 Dungeon Crawl Stone Soup version 0.17-a0-121-gf94917f (webtiles) character file.

1206 DEFE the Slasher (level 8, -2/42 HPs)
             Began as a Vine Stalker Abyssal Knight on Mar 22, 2015.
             Was a High Priest of Lugonu.
             Slain by Prince Ribbit (5 damage)
             ... on level 6 of the Dungeon.
             The game lasted 00:12:38 (3484 turns).

DEFE the Slasher (Vine Stalker Abyssal Knight)      Turns: 3484, Time: 00:12:38

Health: -2/42      AC: 14    Str: 18    XL:     8   Next: 45%
Magic:  0/17       EV:  8    Int: 12    God:    Lugonu [*****.]
Gold:   275        SH:  0    Dex: 13    Spells: 0 memorised, 7 levels left

rFire  . . .     SeeInvis .     a - +1 falchion
rCold  . . .     Clarity  .     s - +0 chain mail
rNeg   . . .     SustAb   .     (no shield)
rPois  .         Gourm    .     k - +2 helmet
rElec  .         Spirit   +     n - +0 cloak
rCorr  .         Warding  .     l - +0 pair of gloves
rMut   .         Stasis   .     (no boots)
MR     +....                    (no amulet)
Stlth  ..........               (no ring)
                                (no ring)

@: somewhat resistant to hostile enchantments, extremely unstealthy
A: fangs 3, regeneration 2, magic shield, antimagic bite, no device heal 3, rot
immunity
a: Depart the Abyss, Bend Space, Banish, Corrupt, Enter the Abyss, Renounce
Religion


You were on level 6 of the Dungeon.
You worshipped Lugonu.
Lugonu was extremely pleased with you.
You were hungry.

You visited 1 branch of the dungeon, and saw 6 of its levels.
You visited the Abyss 1 time.
You also visited: Sewer.

You collected 275 gold pieces.

Inventory:

Hand weapons
 a - a +1 falchion (weapon)
Armour
 b - a +0 leather armour
 f - a +0 helmet
 k - a +2 helmet (worn)
 l - a +0 pair of gloves (worn)
 n - a +0 cloak (worn)
 s - a +0 chain mail (worn)
Magical devices
 j - a wand of random effects (38)
 m - a wand of fireball (7)
 p - a wand of digging (8)
 y - a wand of flame (28)
Scrolls
 d - 3 scrolls of identify
 e - 4 scrolls of remove curse
 g - 4 scrolls of blinking {unknown}
 q - a scroll of recharging {unknown}
 r - a scroll of immolation {unknown}
 u - 2 scrolls of teleportation {unknown}
 v - 2 scrolls of enchant armour {unknown}
 A - a scroll of magic mapping {unknown}
Potions
 h - 3 potions of haste
 i - 2 potions of curing
 o - 4 potions of might
 t - a potion of heal wounds {unknown}
 w - a potion of degeneration {unknown}
 z - 3 potions of agility {unknown}
 C - a potion of restore abilities {unknown}
 D - a potion of poison {unknown}
Comestibles
 c - 3 bread rations
 x - 2 beef jerkies
 B - a royal jelly
 E - 2 chunks of flesh
 F - 4 fruits


   Skills:
 + Level 4.8 Fighting
 * Level 5.3 Long Blades
 + Level 3.3 Armour
 + Level 3.3 Dodging
 + Level 4.2 Invocations


You had 7 spell levels left.
You didn't know any spells.

Dungeon Overview and Level Annotations

Branches:
Dungeon (6/15)
 Temple: D:4-7

Altars:
Cheibriados
Fedhas
Ru

Annotations:
D:6 Prince Ribbit


Innate Abilities, Weirdness & Mutations

You have razor-sharp teeth.
You heal very quickly.
When hurt, damage is shared between your health and your magic reserves.
Your bite disrupts and absorbs the magic of your enemies.
Potions and wands cannot restore your health.
You are immune to rotting.


Message History

Prince Ribbit blinks!
The goblin hits you but does no damage.
Prince Ribbit blinks!
Your chain mail prevents you from hitting the goblin.
Unknown command.
The goblin hits you but does no damage.
Prince Ribbit croaks regally.
Prince Ribbit blinks!
You closely miss Prince Ribbit.
Your bite passes through Prince Ribbit as he momentarily phases out.
Prince Ribbit hits you! x2
* * * LOW HITPOINT WARNING * * *
The goblin hits you but does no damage.
You miss Prince Ribbit.
Prince Ribbit catches a wasp with his tongue.
Prince Ribbit barely misses you. The ogre misses you.
The goblin hits you with a dagger.
* * * LOW HITPOINT WARNING * * *
You closely miss Prince Ribbit. Your bite misses Prince Ribbit.
Prince Ribbit hits you.
You die...

########## ####..........
##.....(.#####
#######......r...#
#........._....#.#
#####.######...O..##O#
#............F@g..##.#
#.###.##############F######
#.# #.# #r..r..##.#
###.###.# ####.....#
.....##.# #.#.##.#
###..##.# #r# # #..##.# #%#
###..##.# ... .##...... ...


You could see Prince Ribbit, an ogre, a goblin and a rat.

Vanquished Creatures
  2 ogres
  A centaur (D:5)
  3 giant frogs
  A scorpion (D:6)
  A giant frog skeleton (D:4)
  A jelly (D:5)
  A hound (D:4)
  A giant frog zombie (D:6)
  3 orc priests
  A worker ant (D:6)
  3 orc wizards
  A hound skeleton (D:4)
  14 adders
  A worm (D:2)
  11 giant mites (Sewer)
  An adder skeleton (D:5)
  12 giant geckos
  11 oozes
  14 orcs
  2 bat skeletons (D:6)
  6 goblins
  8 hobgoblins
  3 jackals (D:6)
  A quokka (D:2)
  12 ball pythons
  8 bats
  13 giant cockroaches
  A giant gecko skeleton (D:6)
  18 giant newts
  A jackal skeleton (D:5)
  11 kobolds
  A quokka skeleton (D:4)
  12 rats
180 creatures vanquished.

Notes
Turn   | Place    | Note
--------------------------------------------------------------
     0 | Abyss:1  | DEFE, the Vine Stalker Abyssal Knight, began the quest for the Orb.
     0 | Abyss:1  | Reached XP level 1. HP: 11/11 MP: 1/1
    70 | D:1      | Escaped the Abyss
   321 | D:1      | Reached skill level 3 in Fighting
   353 | D:1      | Reached XP level 2. HP: 14/16 MP: 3/3
   677 | D:2      | Reached skill level 1 in Dodging
   721 | D:2      | Acquired Lugonu's second power
   776 | D:2      | Reached XP level 3. HP: 12/20 MP: 4/4
  1048 | D:2      | Found a snail-covered altar of Cheibriados.
  1338 | D:2      | Found a sacrificial altar of Ru.
  1378 | D:2      | Reached XP level 4. HP: 21/24 MP: 6/6
  1851 | D:3      | Acquired Lugonu's third power
  1855 | D:3      | Reached XP level 5. HP: 17/28 MP: 8/8
  2068 | D:4      | Gained mutation: You heal very quickly. [vine stalker growth]
  2068 | D:4      | Reached XP level 6. HP: 28/32 MP: 10/10
  2385 | D:5      | Entered Level 5 of the Dungeon
  2423 | D:5      | Found a glowing drain.
  2477 | Sewer    | Entered a sewer
  2526 | Sewer    | Acquired Lugonu's fourth power
  2592 | Sewer    | Reached XP level 7. HP: 37/37 MP: 13/13
  2652 | Sewer    | Reached skill level 4 in Long Blades
  2810 | Sewer    | Acquired Lugonu's fifth power
  3230 | D:5      | Gained mutation: You have razor-sharp teeth. [vine stalker growth]
  3230 | D:5      | Reached XP level 8. HP: 34/42 MP: 16/16
  3276 | D:6      | Reached skill level 5 in Long Blades
  3436 | D:6      | Found a blossoming altar of Fedhas.
  3456 | D:6      | Noticed Prince Ribbit
  3484 | D:6      | Slain by Prince Ribbit

Action                   |  1- 3 |  4- 6 |  7- 9 || total
-------------------------+-------+-------+-------++-------
Melee: Falchion          |    93 |   209 |   203 ||   505
Invok: Banish            |       |       |     2 ||     2
  Use: Scroll            |       |     4 |       ||     4
  Eat: Chunk             |     1 |     4 |     4 ||     9
